 Dungeon Crawl Stone Soup version 0.26-a0-651-gb41185065b (webtiles) character file.

Game seed: 11352967128273841521

14922 Kraken2834 the Spear-Bearer (level 11, -24/108 HPs)
             Began as a Minotaur Monk on Sept 30, 2020.
             Was a High Priest of Zin.
             Annihilated by a two-headed ogre
             ... wielding a +0 giant spiked club
              (31 damage)
             ... on level 11 of the Dungeon.
             The game lasted 01:14:02 (13599 turns).

Kraken2834 the Spear-Bearer (Minotaur Monk)        Turns: 13599, Time: 01:14:03

Health: -24/108    AC:  9    Str: 19    XL:     11   Next: 95%
Magic:  11/11      EV: 17    Int:  8    God:    Zin [*****.]
Gold:   381        SH:  0    Dex: 15    Spells: 10/10 levels left

rFire    x . .     SeeInvis .   C - +5 halberd
rCold    + . .     Faith    .   (shield currently unavailable)
rNeg     . . .     Spirit   .   a - +2 robe of Gravitas {Rampage}
rPois    ∞         Reflect  .   (helmet restricted)
rElec    .         Harm     .   (no cloak)
rCorr    .         Rampage  +   L - +0 pair of gloves
MR       .....                  A - +2 pair of boots {Fly}
Stlth    ++........             i - amulet of the acrobat
HPRegen  0.28/turn              j - ring of ice
MPRegen  0.12/turn              J - +4 ring of evasion

@: vitalised, flying
A: retaliatory headbutt, horns 2
a: Recite, Vitalisation, Imprison, Sanctuary, Donate Gold, Renounce Religion,
Stop Flying


You were on level 11 of the Dungeon.
You worshipped Zin.
Zin was extremely pleased with you.
You visited 1 branch of the dungeon, and saw 11 of its levels.

You collected 685 gold pieces.
You donated 304 gold pieces to Zin.

Inventory:

Hand Weapons
 t - a +2 spear of freezing
 C - a +5 halberd (weapon)
 N - a +2 scimitar of flaming
Armour
 a - the +2 robe of Gravitas (worn) {Rampage}
   (You found it on level 9 of the Dungeon)

   It bestows one free step when moving towards enemies.
 z - a +0 plate armour
 A - a +2 pair of boots of flying (worn)
 L - a +0 pair of gloves (worn)
 O - a +2 robe of cold resistance
 P - a +2 robe of cold resistance
 R - a +0 tower shield
 S - a +0 kite shield
Magical Staves
 M - an uncursed staff of cold
 Q - an uncursed staff of cold
Jewellery
 e - an uncursed amulet of reflection
 i - an amulet of the acrobat (around neck)
 j - a ring of ice (left hand)
 y - an uncursed amulet of guardian spirit
 B - an uncursed amulet of the acrobat
 J - a +4 ring of evasion (right hand)
Wands
 T - a wand of digging (6)
Scrolls
 b - a scroll of noise {unknown}
 f - 7 scrolls of teleportation
 l - a scroll of amnesia
 m - 3 scrolls of enchant weapon
 p - 7 scrolls of identify
 q - 3 scrolls of remove curse
 r - 6 scrolls of enchant armour
 v - a scroll of immolation {unknown}
 x - a scroll of fear {unknown}
 F - a scroll of random uselessness {unknown}
 H - a scroll of magic mapping {unknown}
 I - a scroll of blinking {unknown}
 K - 2 scrolls of vulnerability {unknown}
Potions
 c - 3 potions of haste
 d - 4 potions of heal wounds
 g - 2 potions of brilliance
 h - 3 potions of flight
 k - 2 potions of curing
 n - a potion of lignification {unknown}
 o - a potion of degeneration
 s - 4 potions of stabbing
 u - a potion of cancellation
 w - a potion of mutation
 D - 2 potions of magic {unknown}
 E - a potion of ambrosia {unknown}
 G - a potion of invisibility


   Skills:
 * Level 13.9 Fighting
   Level 4.7 Maces & Flails
 + Level 14.9 Polearms
 + Level 8.8 Armour
 - Level 3.2 Dodging
 - Level 1.5 Stealth
 + Level 2.2 Invocations


You had 10 spell levels left.
You didn't know any spells.
Your spell library contained the following spells:

 Spells                   Type           Power        Failure   Level
 Animate Skeleton         Necr           #.....       41%         1
 Apportation              Tloc           #.....       41%         1
 Corona                   Hex            #......      41%         1
 Summon Small Mammal      Summ           #...         41%         1


Dungeon Overview and Level Annotations

Branches:
Dungeon (11/15)            Temple (0/1) D:6            Lair (0/6) D:8
    Orc: D:9-12

Altars:
Cheibriados
Fedhas
Hepliaklqana
Nemelex Xobeh
Okawaru
Ru
Sif Muna
Trog
Uskayaw
Wu Jian
Zin

Shops:
D:7 :   D:11 *

Annotations:
D:9 1 runed translucent door


Innate Abilities, Weirdness & Mutations

You reflexively headbutt those who attack you in melee.
You have a pair of horns on your head.


Message History

Your headbutt misses the two-headed ogre.
The two-headed ogre barely misses you.
The two-headed ogre hits you with a cursed -3 giant club!
* * * LOW HITPOINT WARNING * * *
You feel much better.
The orc wizard gestures wildly while chanting.
The orc wizard blinks!
The two-headed ogre closely misses you. The two-headed ogre barely misses you.
You completely miss the two-headed ogre.
You hit the two-headed ogre. You headbutt the two-headed ogre!
The two-headed ogre is moderately wounded.
The two-headed ogre hits you with a +0 giant spiked club!
* * * LOW HITPOINT WARNING * * *
The two-headed ogre misses you.
You barely miss the two-headed ogre. You headbutt the two-headed ogre!
The two-headed ogre is heavily wounded.
You slash the two-headed ogre!
The two-headed ogre is severely wounded.
The two-headed ogre hits you with a +0 giant spiked club!!
You die...

# ### #. ..# ###'####.#
.......#.# .⌠...⌠.#.#
.....))#.#
...⌠.)oO.#############
.......#@..>.........#
.⌠...⌠.#############.##
....... #..# ###'###
##.## #.. #..# #. ##.#
# ######### #.#
........#####.##
................


You could see a two-headed ogre and an orc priest.

Vanquished Creatures
  Fannar (D:10)
  Erica (D:10)
  2 two-headed ogres
  2 ugly things (D:11)
  An elephant (D:8)
  A gargoyle (D:10)
  Grinder (D:6)
  4 hippogriffs
  A meliai zombie (D:10)
  10 yaks
  A vampire (D:11)
  Eustachio (D:4)
  2 wyverns
  Grum (D:9)
  A steam dragon (D:10)
  4 vampire mosquitoes (D:11)
  A soldier ant (D:9)
  2 water moccasins
  3 black bears
  3 sky beasts
  3 phantoms
  3 orc warriors
  6 ice beasts
  7 ogres
  2 wolves (D:9)
  6 centaurs
  3 crocodiles
  A big kobold (D:10)
  4 bullfrogs
  2 wyvern skeletons
  4 scorpions
  18 wights
  12 killer bees
  A howler monkey (D:4)
  A centaur zombie (D:10)
  A bullfrog zombie (D:8)
  5 orc priests
  4 hounds
  3 jellies
  A gnoll shaman (D:6)
  10 orc wizards
  Ijyb (D:3)
  An iguana (D:8)
  15 worker ants
  A hound zombie (D:5)
  3 hound skeletons
  A howler monkey zombie (D:9)
  A worker ant zombie (D:5)
  Robin (D:2)
  16 gnolls
  11 adders
  4 shadow imps
  4 white imps
  An ufetubus (D:7)
  3 adder skeletons
  4 worms
  4 dart slugs
  5 leopard geckos
  26 orcs
  5 giant cockroaches
  19 goblins
  8 hobgoblins
  12 jackals
  10 kobolds
  9 quokkas
  A ball python (D:5)
  5 bats (D:3)
  7 frilled lizards
  3 rats
  A butterfly (D:9)
322 creatures vanquished.

Vanquished Creatures (others)
  4 plants
4 creatures vanquished.

Grand Total: 326 creatures vanquished

Notes
Turn   | Place    | Note
-------+----------+-------------------------------------------
     0 | D:1      | Kraken2834 the Minotaur Monk began the quest for the Orb.
     0 | D:1      | Reached XP level 1. HP: 19/19 MP: 0/0
   232 | D:1      | Reached XP level 2. HP: 25/27 MP: 1/1
   913 | D:2      | Reached XP level 3. HP: 32/34 MP: 2/2
  1249 | D:2      | Found a shimmering blue altar of Sif Muna.
  1483 | D:2      | Noticed Robin
  1507 | D:2      | Killed Robin
  1507 | D:2      | Reached skill level 1 in Armour
  1507 | D:2      | Reached XP level 4. HP: 24/41 MP: 3/3
  1760 | D:3      | Reached skill level 5 in Fighting
  1913 | D:3      | Noticed Ijyb
  1924 | D:3      | Killed Ijyb
  1924 | D:3      | Reached skill level 1 in Polearms
  2095 | D:3      | Noticed an ogre
  2112 | D:3      | Killed an ogre
  2112 | D:3      | Reached skill level 2 in Polearms
  2112 | D:3      | Reached XP level 5. HP: 27/49 MP: 4/4
  2807 | D:3      | Found a glowing silver altar of Zin.
  2817 | D:3      | Became a worshipper of Zin the Law-Giver
  2817 | D:3      | Reached * piety under Zin
  2817 | D:3      | Reached ** piety under Zin
  2818 | D:3      | Donated 78 gold pieces to Zin
  2870 | D:4      | HP: 2/50 [gnoll/+0 spear (3)]
  3185 | D:4      | Reached skill level 3 in Polearms
  3185 | D:4      | Reached XP level 6. HP: 54/57 MP: 5/5
  3459 | D:4      | Reached *** piety under Zin
  3558 | D:4      | Reached skill level 4 in Polearms
  3597 | D:4      | Reached XP level 7. HP: 64/64 MP: 0/6
  3714 | D:4      | Noticed Eustachio
  3733 | D:4      | Killed Eustachio
  3733 | D:4      | Reached skill level 5 in Polearms
  3733 | D:4      | Reached skill level 1 in Invocations
  3912 | D:4      | Reached skill level 5 in Armour
  4160 | D:4      | Found a hazy altar of Hepliaklqana.
  4271 | D:5      | Entered Level 5 of the Dungeon
  4557 | D:5      | Reached **** piety under Zin
  4683 | D:5      | Reached XP level 8. HP: 73/73 MP: 8/8
  4819 | D:5      | Reached skill level 6 in Polearms
  5137 | D:6      | Found a staircase to the Ecumenical Temple.
  5201 | D:6      | Reached skill level 7 in Polearms
  5514 | D:6      | Reached skill level 8 in Polearms
  5567 | D:6      | Reached XP level 9. HP: 54/82 MP: 6/9
  5690 | D:6      | Reached ***** piety under Zin
  5764 | D:6      | Found a sacrificial altar of Ru.
  5767 | D:6      | Found an iron altar of Okawaru.
  5770 | D:6      | Found an ornate altar of the Wu Jian Council.
  5770 | D:6      | Noticed Grinder
  5779 | D:6      | Killed Grinder
  5779 | D:6      | Reached skill level 9 in Polearms
  5788 | D:6      | Found a hide-covered altar of Uskayaw.
  6017 | D:6      | Reached skill level 10 in Polearms
  6033 | D:7      | HP: 4/85 [yak (5)]
  6382 | D:6      | Reached skill level 10 in Fighting
  6751 | D:7      | Found a blossoming altar of Fedhas.
  6766 | D:7      | Reached skill level 11 in Polearms
  7078 | D:7      | Donated 158 gold pieces to Zin
  7094 | D:7      | Reached XP level 10. HP: 93/93 MP: 10/10
  7593 | D:7      | Found Coby's Book Emporium.
  7798 | D:8      | Found a staircase to the Lair.
  7798 | D:8      | Noticed an elephant
  7824 | D:8      | Killed an elephant
  7824 | D:8      | Reached skill level 12 in Polearms
  8533 | D:8      | Noticed a two-headed ogre
  8538 | D:8      | Killed a two-headed ogre
  8831 | D:8      | Found a bloodstained altar of Trog.
  9393 | D:9      | Got an ancient robe
  9404 | D:9      | Identified the +2 robe of Gravitas {Rampage} (You found it
                  | on level 9 of the Dungeon)
  9721 | D:9      | Noticed Grum
  9734 | D:9      | Killed Grum
  9734 | D:9      | Reached skill level 13 in Polearms
  9734 | D:9      | Reached XP level 11. HP: 49/104 MP: 11/11
 10075 | D:9      | Found a snail-covered altar of Cheibriados.
 10134 | D:9      | Found a runed translucent door.
 10141 | D:9      | Found a runed translucent door.
 10644 | D:9      | Found a sparkling altar of Nemelex Xobeh.
 10802 | D:10     | Entered Level 10 of the Dungeon
 11210 | D:10     | Noticed Fannar
 11603 | D:10     | Noticed Erica
 11618 | D:10     | Killed Erica
 12082 | D:10     | Killed Fannar
 12086 | D:10     | Reached skill level 14 in Polearms
 12961 | D:11     | Noticed a brown ugly thing
 12971 | D:11     | Killed a brown ugly thing
 13139 | D:11     | Found Myruid's Assorted Antiques.
 13218 | D:11     | Noticed a two-headed ogre
 13224 | D:11     | Killed a two-headed ogre
 13566 | D:11     | Noticed a green ugly thing
 13571 | D:11     | Noticed a two-headed ogre
 13586 | D:11     | Killed a green ugly thing
 13594 | D:11     | HP: 3/108 [two-headed ogre/+0 giant spiked club (17)]
 13599 | D:11     | Annihilated by a two-headed ogre

Illustrated notes

Levels and vault maps discovered:
D:1:      eino_arrival_cavern_a, layout_loops_ring, st_stairs_9,
          minmay_octomino_j4
D:2:      layout_basic, old_standard_altar, uniq_robin
D:3:      layout_basic, marbit_many_paths, uniq_ijyb
D:4:      wad_crossroads, layout_basic, kennysheep_little_box, st_stairs_3,
          uniq_eustachio
D:5:      kennysheep_six_static_rooms, layout_basic
D:6:      hangedman_cross_stitches, layout_basic,
          grunt_temple_overflow_cloverleaf, minmay_temple_entry_overgrown,
          uniq_grinder
D:7:      layout_basic, serial_shops, nicolae_shop_window_shopping, basic_altar
D:8:      layout_basic, david_lair_generic, basic_altar
D:9:      lemuel_insect_pit, layout_irregular_city,
          nicolae_overflow_crystal_walls, kennysheep_mini, uniq_grum
D:10:     layout_stronghold, uniq_fannar, uniq_erica
D:11:     layout_basic, serial_shops, shop, minmay_fountain_box

Skill      XL: |  1  2  3  4  5  6  7  8  9 10 11 |
---------------+----------------------------------+-----
Maces & Flails | 4 |  4.7
Fighting       | 4 5 6 7 8 10 11 13 | 13.9
Armour         | 1 2 3 4 5 7 8 |  8.8
Polearms       | 2 3 4 5 8 11 13 14 | 14.9
Invocations    | 1 2 |  2.2
Dodging        | |  3.2
Stealth        | |  1.5

Action                   |  1- 3 |  4- 6 |  7- 9 | 10-12 || total
-------------------------+-------+-------+-------+-------++-------
Melee: Mace              |    76 |       |       |       ||    76
       Headbutt          |     7 |    21 |    31 |    63 ||   122
       Spear             |       |   150 |    76 |       ||   226
       Halberd           |       |       |   212 |   440 ||   652
Invok: Recite            |       |     1 |     2 |       ||     3
       Vitalisation      |       |     1 |     1 |     2 ||     4
       Donate Gold       |       |     1 |     1 |       ||     2
       Imprison          |       |     1 |       |       ||     1
  Use: Scroll            |     2 |       |     5 |       ||     7
       Potion            |       |       |       |    11 ||    11
 Stab: Sleeping          |       |       |     3 |     5 ||     8
       Invisible         |       |       |     1 |     2 ||     3
       Distracted        |       |       |       |     3 ||     3
Armor: Ring mail         |    20 |    26 |       |       ||    46
       Scale mail        |       |     5 |    24 |       ||    29
       Leather armour    |       |       |    33 |       ||    33
       Plate armour      |       |       |    67 |    85 ||   152
       Robe              |       |       |       |    47 ||    47
Dodge: Dodged            |    61 |    91 |   138 |   303 ||   593

Table legend: (Time is in decaauts)
 A = Elapsed time spent in this place.
 B = Non-inter-level travel time spent in this place.
 C = Inter-level travel time spent in this place.
 D = Time resting spent in this place.
 E = Time spent auto-exploring this place.
 F = Levels seen in this place.
 G = Mean time per level.
                   A        B        C        D        E       F      G
               +--------+--------+--------+--------+--------+-----+--------+
         Total |  13531 |  13180 |    351 |   1690 |   9313 |  11 | 1230.1 |
       Dungeon |  13531 |  13180 |    351 |   1690 |   9313 |  11 | 1230.1 |
               +--------+--------+--------+--------+--------+-----+--------+

Top non-repeatable levels by time:
    D:10: 2130 daAuts
     D:8: 1613 daAuts
     D:3: 1501 daAuts
     D:9: 1471 daAuts
     D:7: 1279 daAuts
     D:6: 1271 daAuts
     D:4: 1097 daAuts
     D:2: 926 daAuts
     D:5: 864 daAuts
     D:1: 748 daAuts
    D:11: 626 daAuts
